 Dungeon Crawl Stone Soup version 0.31-a0-1469-gd420192249 (webtiles) character file.

Game seed: 2761962638844410934

242 Rennog the Firebug (level 6, 0/36 HPs)
             Began as an Octopode Fire Elementalist on Dec 28, 2023.
             Was an Initiate of Yredelemnul.
             Slain by a phantom (2 damage)
             ... on level 4 of the Dungeon.
             The game lasted 00:03:58 (3412 turns).

Rennog the Firebug (Octopode Fire Elementalist)     Turns: 3412, Time: 00:03:59

Health: 0/36       AC:  1    Str: 14    XL:     6   Next: 9%
Magic:  0/11       EV: 13    Int: 19    God:    Yredelemnul [......]
Gold:   139        SH:  0    Dex: 12    Spells: 9/12 levels left

rFire   . . .        (no weapon)
rCold   . . .        (no shield)
rNeg    . . .        (helmet restricted)
rPois   .            (no amulet)
rElec   .            i - +6 ring of strength
rCorr   .            (no ring)
SInv    .            (no ring)
Will    .....        (no ring)
Stlth   +++          (no ring)
HPRegen 0.26/turn    (no ring)
MPRegen 0.12/turn    (no ring)
                     (no ring)

%: no passive effects
@: no status effects
A: almost no armour, amphibious, 8 rings, camouflage 1, gelatinous body 1,
(nimble swimmer 1), tentacles
a: Renounce Religion, Recall Undead Harvest


You were on level 4 of the Dungeon.
You worshipped Yredelemnul.
Yredelemnul was noncommittal.
You visited 1 branch of the dungeon, and saw 4 of its levels.

You collected 139 gold pieces.

Inventory:

Jewellery
 i - a +6 ring of strength (left tentacle)
 n - a ring of positive energy
Scrolls
 c - a scroll of brand weapon {unknown}
 d - 2 scrolls of identify {unknown}
 e - a scroll of revelation {unknown}
 f - a scroll of immolation {unknown}
 g - a scroll of blinking {unknown}
 j - a scroll of noise {unknown}
 k - a scroll of fear {unknown}
 m - a scroll of silence {unknown}
Potions
 a - a potion of magic
 b - a potion of degeneration {unknown}
 h - a potion of brilliance {unknown}
 l - 2 potions of curing {unknown}


   Skills:
 - Level 2.0 Dodging
 - Level 2.6 Stealth
 + Level 3.6 Spellcasting
 - Level 1.0 Conjurations
 * Level 5.6 Fire Magic


You had 9 spell levels left.
You knew the following spells:

 Your Spells              Type           Power      Damage    Failure   Level
a - Foxfire               Conj/Fire      64%        2x1d7     3%          1
b - Scorch                Fire           48%        2d7       2%          2

Your spell library contained the following spells:

 Spells                   Type           Power      Damage    Failure   Level
 Apportation              Tloc           6%         N/A       14%         1
 Inner Flame              Hex/Fire       14%        N/A       14%         3
 Volatile Blastmotes      Fire/Tloc      28%        2d12      14%         3
 Jinxbite                 Hex            6%         N/A       22%         2
 Hailstorm                Conj/Ice       5%         3d5       34%         3
 Flame Wave               Conj/Fire      16%        2d7       36%         4
 Summon Ice Beast         Ice/Summ       3%         N/A       41%         3
 Alistair's Intoxication  Alch           2%         N/A       99%         5
 Sculpt Simulacrum        Ice/Alch       Unusable   N/A       N/A         6

Dungeon Overview and Level Annotations

Branches:
Dungeon (4/15)
 Temple: D:4-7

Altars:
Fedhas
Makhleb
Yredelemnul
The Shining One

Annotations:
D:1 2 transporters


Innate Abilities, Weirdness & Mutations

You cannot wear most types of armour.
You are amphibious.
You can wear up to eight rings at the same time.
Your skin changes colour to match your surroundings (Stealth+).
Your rubbery body absorbs attacks. (AC +1, EV +1)
((You are camouflaged when in or above water. (Stealth+)))
You have tentacles for arms and can constrict up to eight enemies at once.


Message History

The scorpion is severely wounded.
The scorpion barely misses you. The phantom closely misses you.
Unknown command.
Casting: Foxfire (safe; 3% risk of failure)
Confirm with . or Enter, or press ? or * to list all spells.
You conjure some foxfire!
The phantom is no longer more vulnerable to fire.
The foxfire hits the phantom.
The phantom is heavily damaged.
The foxfire hits the scorpion but does no damage.
The scorpion is severely wounded.
The scorpion closely misses you. The phantom hits you.
Casting: Foxfire (safe; 3% risk of failure)
Confirm with . or Enter, or press ? or * to list all spells.
You conjure some foxfire!
The foxfire hits the phantom.
The phantom is heavily damaged.
The foxfire hits the phantom.
The phantom is severely damaged.
The scorpion stings you!
* * * LOW HITPOINT WARNING * * *
The phantom hits you.
* * * LOW HITPOINT WARNING * * *
Casting: Foxfire (safe; 3% risk of failure)
Confirm with . or Enter, or press ? or * to list all spells.
You conjure some foxfire!
The foxfire hits the scorpion.
The scorpion is burned terribly!
The scorpion is almost dead.
The foxfire hits the scorpion but does no damage.
The scorpion is almost dead.
The scorpion completely misses you. The phantom hits you.
* * * LOW HITPOINT WARNING * * *
The phantom blinks!
You blink.
The foxfire hits the phantom but does no damage.
The phantom is severely damaged.
The foxfire hits the phantom.
The phantom is almost destroyed.
The scorpion closely misses your goblin zombie.
The phantom attacks as it pursues you! The phantom hits you.
You die...
Your body rises from the dead as a mindless zombie.

.# ##...#.#
#.##.#.#####..####.#. .#
#####.# #.##.#.#
#...<..### .#
##.###.##...# ##.####.#.
.# ##...##.###.## #.# ##.#
.######.....#.# #.# ###
### ............#.###.##
#######...>.#.##...#######
##...##............#
#####....@§s......#
#.#..WZ§§.....# #
#....§§.....#
##...)......# ##.........#
#.........# # #..########
. #..# # #..#


You could see a phantom (ally target), a scorpion (combustible) and a friendly
goblin zombie.

Vanquished Creatures
  A scorpion (D:4)
  Jessica (D:2)
  An orc wizard (D:3)
  4 adders
  A dart slug (D:3)
  2 orcs (D:3)
  4 ball pythons
  2 bats
  4 endoplasms
  2 giant cockroaches
  3 goblins
  4 hobgoblins
  3 jackals (D:3)
  9 kobolds
  3 quokkas
  5 frilled lizards
  8 rats
57 creatures vanquished.

Vanquished Creatures (collateral kills)
  A jelly (D:3)
  A worm (D:3)
  A jackal (D:3)
  2 frilled lizards
5 creatures vanquished.

Vanquished Creatures (others)
  A bat zombie (D:3)
  2 frilled lizard zombies (D:3)
  A giant cockroach zombie (D:4)
  A hobgoblin zombie (D:3)
  2 jackal zombies (D:3)
  49 foxfires
56 creatures vanquished.

Grand Total: 118 creatures vanquished

Notes
Turn   | Place    | Note
-------+----------+-------------------------------------------
     0 | D:1      | Rennog the Octopode Fire Elementalist began the quest for
                  | the Orb.
     0 | D:1      | Reached XP level 1. HP: 11/11 MP: 3/3
   287 | D:1      | Reached XP level 2. HP: 15/17 MP: 5/5
   304 | D:1      | Learned a level 2 spell: Scorch
   378 | D:1      | Found a faded altar of an unknown god.
   408 | D:1      | Prayed at the altar of an unknown god.
   408 | D:1      | Became a worshipper of Yredelemnul the Dark
   408 | D:1      | Reached * piety under Yredelemnul
   619 | D:1      | Reached ** piety under Yredelemnul
  1152 | D:2      | Reached XP level 3. HP: 21/21 MP: 0/6
  1259 | D:2      | Noticed Jessica
  1265 | D:2      | Killed Jessica
  1266 | D:2      | Reached skill level 4 in Fire Magic
  2038 | D:3      | Reached XP level 4. HP: 25/27 MP: 1/8
  2343 | D:3      | Reached XP level 5. HP: 19/31 MP: 2/9
  2531 | D:3      | Found a blossoming altar of Fedhas.
  2664 | D:3      | Found a glowing golden altar of the Shining One.
  2664 | D:3      | Found a burning altar of Makhleb.
  2670 | D:3      | Reached skill level 5 in Fire Magic
  3133 | D:4      | Reached XP level 6. HP: 36/36 MP: 4/11
  3412 | D:4      | Slain by a phantom

Illustrated notes

Levels and vault maps discovered:
D:1:      spicycebolla_arrival_transporter_tutorial, layout_basic,
          basic_ecumenical_altar, item_on_display_a
D:2:      layout_loops_corners, uniq_jessica
D:3:      layout_basic, fedhas_ov_isle_minmay,
          gammafunk_temple_overflow_elements
D:4:      layout_loops_ring, mainiacjoe_overflow_tiny_flanked,
          kennysheep_vampire_church, marbit_many_paths,
          minmay_temple_entry_nine_rooms, gammafunk_ghost_stat_death,
          chequers_mini_garden

Skill      XL: |  1  2  3  4  5 |
---------------+----------------+-----
Fire Magic     | 4 5 |  5.6
Spellcasting   | 3 |  3.6
Dodging        | |  2.0
Stealth        | |  2.6
Conjurations   | |  1.0

Action                     |  1- 3 |  4- 6 || total
---------------------------+-------+-------++-------
  Melee: Unarmed           |    31 |    25 ||    56
         Constrict         |     7 |     6 ||    13
         Tentacles         |     8 |     9 ||    17
         Punch             |       |     1 ||     1
   Cast: Foxfire           |    18 |     8 ||    26
         Scorch            |    16 |    29 ||    45
 Invoke: Recall Undead Har |       |     2 ||     2
   Stab: Sleeping          |     4 |     2 ||     6
 Armour: Skin              |    19 |    26 ||    45
  Dodge: Dodged            |    15 |    28 ||    43

Table legend: (Time is in decaauts)
 A = Elapsed time spent in this place.
 B = Non-inter-level travel time spent in this place.
 C = Inter-level travel time spent in this place.
 D = Time resting spent in this place.
 E = Time spent auto-exploring this place.
 F = Levels seen in this place.
 G = Mean time per level.
                   A        B        C        D        E       F      G
               +--------+--------+--------+--------+--------+-----+--------+
         Total |   3410 |   3306 |    104 |      0 |   2949 |   4 |  852.5 |
       Dungeon |   3410 |   3306 |    104 |      0 |   2949 |   4 |  852.5 |
               +--------+--------+--------+--------+--------+-----+--------+

Top non-repeatable levels by time:
     D:3: 1021 daAuts
     D:1: 1019 daAuts
     D:2: 990 daAuts
     D:4: 379 daAuts
